 Dungeon Crawl Stone Soup version 0.30.0-19-g36f170ea60 (webtiles) character file.

Game seed: 2931797942999275419

19548 Brutalitops the Skirmisher (level 12, -9/114 HPs)
             Began as an Armataur Necromancer on May 28, 2023.
             Was an Elder of Ashenzari.
             Killed from afar by an ice statue (12 damage)
             ... with a shard of ice
             ... in an ice cave on May 30, 2023.
             The game lasted 00:57:45 (14208 turns).

Brutalitops the Skirmisher (Armataur Necromancer)  Turns: 14208, Time: 00:57:46

Health: -9/114     AC: 16    Str: 15    XL:     12   Next: 37%
Magic:  16/16      EV: 11    Int: 16    God:    Ashenzari [****..]
Gold:   1003       SH: 12    Dex: 14    Spells: 16/17 levels left

rFire   . . .        f - +4 rapier "Bound With Me" {vamp, Bglg, Fort} (curse)
rCold   + . .        y - +0 kite shield of the Elysian Sage {rF+, Melee, Bglg} (curse)
rNeg    . . .        N - +4 scale mail of Ashenzari's Irritation {Will+, Evo, Fort} (curse)
rPois   .            G - +0 helmet of Curses and Power {Range, Melee} (curse)
rElec   .            (no cloak)
rCorr   .            s - +0 pair of gloves "Shackled Nihilism" {Fort, Self} (curse)
SInv    +            (no barding)
Will    +....        B - amulet of Supernal Wisdom {Acrobat, Fort, Melee} (curse)
Stlth   +            I - ring of Ashenzari's Malaise {EV+5, Elem, Bglg} (curse)
HPRegen 0.39/turn    k - ring of ice
MPRegen 0.15/turn

%: acrobat, clarity, roll
@: no status effects
A: large, rugged brown scales 3, deformed body, armoured tail, roll, long
tongue, awkward tongue
a: Renounce Religion, Shatter the Chains


You were in an ice cave.
You worshipped Ashenzari.
Ashenzari was greatly pleased with you.
You visited 2 branches of the dungeon, and saw 13 of its levels.
You also visited: Ice Cave.

You collected 1003 gold pieces.

Inventory:

Hand Weapons
 f - the cursed +4 rapier "Bound With Me" (weapon) {vamp, Bglg, Fort}
   (You found it on level 1 of the Dungeon)

   It has a curse which improves the following skills: Beguiling: Conjurations,
   Hexes and Translocations.
   Fortitude: Armour and Shields.
 l - a +1 short sword of draining
 r - a +2 short sword of venom
 C - a +4 falchion
 F - a +4 great sword
Missiles
 g - 3 throwing nets
 j - 10 boomerangs
 t - 2 javelins
 R - 9 poisoned darts
Armour
 a - a +0 robe
 n - a +0 ring mail
 s - the cursed +0 pair of gloves "Shackled Nihilism" (worn) {Fort, Self}
   (You found it on level 2 of the Dungeon)

   It has a curse which improves the following skills: Fortitude: Armour and
   Shields.
   Introspection: Fighting and Spellcasting.
 y - the cursed +0 kite shield of the Elysian Sage (worn) {rF+, Melee, Bglg}
   (You took it off a gnoll sergeant on level 8 of the Dungeon)

   It has a curse which improves the following skills: Melee Combat: Short
   Blades, Long Blades, Axes, Maces & Flails, Polearms, Staves and Unarmed
   Combat.
   Beguiling: Conjurations, Hexes and Translocations.
 E - the +0 robe "Cugoojuh" {Regen+}
   (You found it on level 7 of the Dungeon)

   Regen:     It increases your rate of health regeneration.
 G - the cursed +0 helmet of Curses and Power (worn) {Range, Melee}
   (You found it on level 8 of the Dungeon)

   It has a curse which improves the following skills: Ranged Combat: Ranged
   Weapons and Throwing.
   Melee Combat: Short Blades, Long Blades, Axes, Maces & Flails, Polearms,
   Staves and Unarmed Combat.
 N - the cursed +4 scale mail of Ashenzari's Irritation (worn) {Will+, Evo, Fort}
   (You found it on level 9 of the Dungeon)

   It has a curse which improves the following skills: Evocations: Evocations.
   Fortitude: Armour and Shields.
 O - a +2 hat
Magical Staves
 e - a staff of earth
Jewellery
 k - a ring of ice (right hand)
 B - the cursed amulet of Supernal Wisdom (around neck) {Acrobat, Fort, Melee}
   (You found it on level 6 of the Dungeon)

   [amulet of the acrobat]

   It increases your evasion while moving and waiting.
   It has a curse which improves the following skills: Fortitude: Armour and
   Shields.
   Melee Combat: Short Blades, Long Blades, Axes, Maces & Flails, Polearms,
   Staves and Unarmed Combat.
 I - the cursed ring of Ashenzari's Malaise (left hand) {EV+5, Elem, Bglg}
   (You found it on level 8 of the Dungeon)

   [ring of evasion]

   EV:        It affects your evasion (+5).
   It has a curse which improves the following skills: Elements: Fire Magic, Ice
   Magic, Air Magic and Earth Magic.
   Beguiling: Conjurations, Hexes and Translocations.
Wands
 z - a wand of flame (18)
 H - a wand of polymorph (10)
 K - a wand of quicksilver (8)
 M - a wand of charming (2)
Scrolls
 c - a scroll of blinking
 i - 4 scrolls of fog
 m - 2 scrolls of magic mapping
 x - 6 scrolls of fear
 J - a scroll of enchant weapon
 Q - 4 scrolls of enchant armour
Potions
 b - 2 potions of magic
 d - a potion of curing
 h - 2 potions of cancellation
 o - a potion of haste
 p - 2 potions of ambrosia
 q - a potion of resistance
 u - 4 potions of brilliance
 v - 3 potions of flight
 D - 7 potions of might
 L - a potion of invisibility
 P - 2 potions of mutation


   Skills:
 + Level 8.6(10.4) Fighting
 + Level 4.8(8.2) Short Blades
 + Level 11.7(13.5) Ranged Weapons
 + Level 7.4(11.8) Armour
 - Level 1.3 Dodging
 - Level 2.1 Stealth
 + Level 7.0(11.3) Shields
 - Level 1.7(3.1) Spellcasting
 - Level 3.2 Necromancy
 + Level 0.1 Transmutations


You had 16 spell levels left.
You knew the following spells:

 Your Spells              Type           Power      Damage    Failure   Level
a - Necrotise             Necr           48%        1d6       30%         1

Your spell library contained the following spells:

 Spells                   Type           Power      Damage    Failure   Level
 Vampiric Draining        Necr           12%        2d6       65%         3
 Magic Dart               Conj           16%        1d3       67%         1
 Slow                     Hex            16%        N/A       67%         1
 Ensorcelled Hibernation  Hex/Ice        10%        N/A       83%         2
 Call Imp                 Summ           4%         N/A       86%         2
 Confusing Touch          Hex            4%         N/A       95%         3
 Portal Projectile        Hex/Tloc       8%         N/A       95%         3
 Tukima's Dance           Hex            4%         N/A       95%         3
 Inner Flame              Hex/Fire       3%         N/A       96%         3
 Animate Dead             Necr           12%        N/A       96%         4
 Frozen Ramparts          Ice            8%         1d2       97%         3
 Mephitic Cloud           Conj/Pois/Air  3%         N/A       97%         3
 Spider Form              Tmut/Pois      2%         N/A       97%         3
 Anguish                  Hex/Necr       4%         N/A       99%         4
 Ice Form                 Ice/Tmut       4%         N/A       100%        4
 Summon Ice Beast         Ice/Summ       4%         N/A       100%        4
 Agony                    Necr           12%        N/A       100%        5
 Blade Hands              Tmut           1%         N/A       100%        5
 Yara's Violent Unravell  Hex/Tmut       1%         3d3       100%        5
 Enfeeble                 Hex            2%         N/A       100%        7


Dungeon Overview and Level Annotations

Branches:
Dungeon (11/15)            Temple (0/1) D:4            Lair (2/5) D:10
 Shoals (0/4) Lair:2        Snake (0/4) Lair:2          Orc (0/2) D:11
  IceCv (1/1)

Altars:
Ashenzari
Fedhas
Qazlal
Ru
Uskayaw
Vehumet
Wu Jian
Yredelemnul

Shops:
D:1 ?   D:8 :

Annotations:
D:7 3 runed translucent doors, Licon's ghost, novice DgFi IceCv exclusion: 2 ice statues


Innate Abilities, Weirdness & Mutations

You are completely covered in rugged brown scales. (AC +3, +7% HP)
Armour fits poorly on your strangely shaped body.
You have a long armoured tail.
You roll when moving toward enemies. (Rampage)
Your long tongue fully drains potion bottles. (2x potion effects)
Your tongue gives you trouble enunciating. (1.5x scroll delay)


Message History

The ice statue glitters chillingly in the dim dungeon light.
The ice beast hits you but does no damage. x2
You block the ice beast's attack.
The ice beast hits you but does no damage. x2
You hit the ice statue but do no damage.
The ice statue is severely damaged.
You are engulfed in freezing vapours.
You resist.
* * * LOW HITPOINT WARNING * * *
The ice beast closely misses you.
The ice beast hits you but does no damage.
You block the ice beast's attack.
The ice beast hits you but does no damage. x3
You hit the ice statue but do no damage.
The ice statue is severely damaged.
You are engulfed in freezing vapours.
You resist.
* * * LOW HITPOINT WARNING * * *
You block the ice beast's attack. The ice beast barely misses you.
The ice beast hits you but does no damage.
The ice beast hits you.
* * * LOW HITPOINT WARNING * * *
The ice beast freezes you. You resist.
* * * LOW HITPOINT WARNING * * *
You block the ice beast's attack.
You hit the ice statue.
The ice statue is severely damaged.
The ice beast hits you but does no damage.
The ice statue gestures at you. The freezing blast engulfs you! You resist.
* * * LOW HITPOINT WARNING * * *
You block the ice beast's attack. x2
The ice beast hits you but does no damage. x2
The ice beast completely misses you.
You hit the ice statue. You tail-slap the ice statue.
The ice statue is severely damaged.
You are engulfed in freezing vapours.
You resist.
* * * LOW HITPOINT WARNING * * *
The ice beast hits you but does no damage. x2
The ice statue gestures at you. The shard of ice hits you!
You partially resist.
You die...

* , , ,
.............# *
..............#
.......⌠.......#
...............#
*...............#
#.............#
#........YYY§.#
#......§Y@Y☼#*
#8#....Y#8##
##..§#### #...##
##...# ##...#
#...## ##...##
##.....##


You could see 2 ice statues and 6 ice beasts.

Vanquished Creatures
  Gastronok (D:10)
  A hydra (Lair:1)
  A two-headed ogre (D:8)
  3 harpies (Lair:2)
  4 black mambas
  Joseph (D:9)
  4 cane toads
  An unseen horror (D:10)
  Psyche (D:9)
  2 rime drakes (Lair:1)
  2 komodo dragons (Lair:1)
  2 ice devils (IceCv)
  A troll (D:10)
  3 blink frogs (Lair:1)
  A wraith (D:8)
  2 wyverns
  7 yaks
  A steam dragon (D:8)
  6 basilisks
  Grum (D:9)
  21 water moccasins
  An orc warrior (D:8)
  3 black bears
  An ice beast (D:6)
  3 ogres
  A centaur (D:9)
  12 wolves
  A phantom (D:5)
  14 bullfrogs
  3 gnoll sergeants
  2 scorpions
  A two-headed ogre simulacrum (IceCv)
  22 wights
  5 killer bees (D:9)
  A howler monkey (D:9)
  5 electric eels (Lair:2)
  5 hounds
  4 orc priests
  2 jellies
  2 gnoll boudas
  2 iguanas
  3 orc wizards
  A spriggan simulacrum (IceCv)
  2 troll simulacra (IceCv)
  A wolf simulacrum (IceCv)
  27 gnolls
  6 adders
  2 shadow imps
  A white imp (D:7)
  2 ufetubi
  4 worms
  3 dart slugs (D:2)
  13 orcs
  6 ball pythons
  8 bats
  7 endoplasms
  A giant cockroach (D:1)
  6 hobgoblins
  A jackal (D:3)
  8 kobolds
  3 quokkas
  3 frilled lizards
  8 goblins
  9 rats
281 creatures vanquished.

Notes
Turn   | Place    | Note
-------+----------+-------------------------------------------
     0 | D:1      | Brutalitops the Armataur Necromancer began the quest for
                  | the Orb.
     0 | D:1      | Reached XP level 1. HP: 14/14 MP: 3/3
   128 | D:1      | Found Ycang's Magic Scroll Boutique.
   309 | D:1      | Reached skill level 1 in Fighting
   374 | D:1      | Found a faded altar of an unknown god.
   381 | D:1      | Reached XP level 2. HP: 24/24 MP: 4/4
   382 | D:1      | Prayed at the altar of an unknown god.
   382 | D:1      | Became a worshipper of Ashenzari the Shackled
   986 | D:2      | Reached skill level 1 in Armour
  1041 | D:2      | Reached skill level 1 in Short Blades
  1110 | D:2      | Reached XP level 3. HP: 9/28 MP: 5/5
  1295 | D:2      | Identified the +7 sling of Ijonu {flame, rElec rCorr Str+2}
  1373 | D:2      | Reached XP level 4. HP: 38/38 MP: 6/6
  1447 | D:2      | Reached * piety under Ashenzari
  1774 | D:2      | Reached skill level 1 in Ranged Weapons
  1973 | D:3      | Found a broken altar of Ashenzari.
  2044 | D:3      | Reached XP level 5. HP: 44/44 MP: 8/8
  2085 | D:3      | Reached ** piety under Ashenzari
  2490 | D:4      | Found a staircase to the Ecumenical Temple.
  2596 | D:4      | Reached skill level 2 in Ranged Weapons
  2698 | D:4      | Reached XP level 6. HP: 54/54 MP: 9/9
  2726 | D:4      | Reached skill level 3 in Ranged Weapons
  3113 | D:5      | Entered Level 5 of the Dungeon
  3481 | D:5      | Reached skill level 4 in Ranged Weapons
  3481 | D:5      | Reached XP level 7. HP: 63/63 MP: 11/11
  4373 | D:6      | Identified the +1 robe of the Thirsty Orbs {Dex+2}
  4468 | D:6      | Reached skill level 1 in Shields
  4498 | D:6      | Reached skill level 5 in Ranged Weapons
  4574 | D:6      | Reached XP level 8. HP: 54/71 MP: 12/12
  4829 | D:6      | Reached *** piety under Ashenzari
  5090 | D:7      | Reached skill level 6 in Ranged Weapons
  5326 | D:7      | Identified the +0 robe "Cugoojuh" {Regen+}
  5524 | D:7      | Found a hide-covered altar of Uskayaw.
  5824 | D:7      | Found a runed translucent gate.
  5824 | D:7      | Found a runed translucent gate.
  5825 | D:7      | Found a runed translucent gate.
  5828 | D:7      | Noticed Licon's ghost (novice DgFi)
  6148 | D:8      | Reached skill level 7 in Ranged Weapons
  6150 | D:8      | Reached XP level 9. HP: 60/78 MP: 14/14
  6444 | D:8      | Found Goimeen's Book Emporium.
  6452 | D:8      | Reached **** piety under Ashenzari
  6713 | D:8      | Found a radiant altar of Vehumet.
  6714 | D:8      | Found a blossoming altar of Fedhas.
  6857 | D:8      | Noticed a two-headed ogre
  6872 | D:8      | Killed a two-headed ogre
  6873 | D:8      | Reached skill level 5 in Fighting
  6873 | D:8      | Reached skill level 8 in Ranged Weapons
  6873 | D:8      | Reached skill level 5 in Armour
  7308 | D:8      | Found a basalt altar of Yredelemnul.
  7548 | D:9      | Reached XP level 10. HP: 79/93 MP: 15/15
  7559 | D:9      | Reached skill level 9 in Ranged Weapons
  7665 | D:9      | Noticed Joseph
  7678 | D:9      | Killed Joseph
  7956 | D:9      | Noticed Psyche
  7960 | D:9      | Killed Psyche
  8184 | D:9      | Found an ornate altar of the Wu Jian Council.
  8418 | D:9      | Noticed Grum
  8449 | D:9      | Killed Grum
  8925 | D:9      | Found a sacrificial altar of Ru.
  8937 | D:10     | Entered Level 10 of the Dungeon
  9010 | D:10     | Reached skill level 10 in Ranged Weapons
  9486 | D:10     | Reached XP level 11. HP: 63/103 MP: 16/16
  9614 | D:10     | Found a staircase to the Lair.
  9874 | D:10     | Noticed an orc knight
  9874 | D:10     | Noticed a deep elf pyromancer
  9910 | D:10     | Noticed Gastronok
  9936 | D:10     | Killed Gastronok
 10037 | D:10     | Found a stormy altar of Qazlal.
 10063 | Lair:1   | Entered Level 1 of the Lair of Beasts
 10280 | Lair:1   | Reached skill level 5 in Shields
 10323 | Lair:1   | Reached skill level 11 in Ranged Weapons
 10625 | Lair:1   | Noticed an eight-headed hydra
 10636 | Lair:1   | Killed an eight-headed hydra
 12426 | Lair:2   | Reached XP level 12. HP: 113/113 MP: 16/16
 12999 | Lair:2   | Found a staircase to the Snake Pit.
 13091 | Lair:2   | Found a staircase to the Shoals.
 13853 | D:11     | Found a frozen archway.
 13857 | D:11     | Noticed a two-headed ogre
 13862 | IceCv    | Entered an ice cave
 14208 | IceCv    | HP: 3/114 [ice statue] (5)]
 14208 | IceCv    | Killed from afar by an ice statue

Illustrated notes

Levels and vault maps discovered:
D:1:      evilmike_arrival_crescent, layout_loops_ring,
          ebering_ecumenical_altar_abandoned, serial_shops,
          nicolae_shop_tiny_glass, minmay_door_square,
          minmay_misc_feat_diagonals
D:2:      minmay_thinvault, layout_rooms
D:3:      layout_rooms, ashenzari_conservatory_becter, grunt_decor_resistance,
          amcnicky_mini_pool_small, kennysheep_generic_room_12
D:4:      layout_basic, minmay_temple_entry_glassed_door
D:5:      layout_layer_cave, minmay_misc_feat_enclosed, dk_noncrumbling_2
D:6:      layout_basic
D:7:      layout_layer_cave, nicolae_uskayaw_dance_hall,
          gammafunk_ghost_necromancy
D:8:      layout_gridville, mainiacjoe_overflow_alcove_1,
          mainiacjoe_overflow_divided_tiny, serial_shops, shop
D:9:      layout_layer_cave, mainiacjoe_overflow_alcove_4,
          nzn_wu_jian_contemplation, uniq_grum, uniq_joseph, uniq_psyche
D:10:     layout_big_octagon, lemuel_coloured_pillars_altar,
          minmay_lair_entry_grove, kennysheep_small_spiral,
          kennysheep_decorative_pillar, serial_park_tiny_1,
          lightli_corner_chamber, uniq_gastronok
D:11:     layout_irregular_city, david_orc_4, portal_ice_cave_entry_pillars_2,
          uniq_fannar
Lair:1:   layout_misc_corridors, beast_lair_carwin_6,
          infiniplex_staircase_pool_2
Lair:2:   layout_regular_city, nicolae_shoals_entry_roost,
          minmay_snake_entry_six_corridors, serial_bayou, serial_bayou_lagoon_a,
          serial_bayou_pond_d, serial_bayou_lagoon_b, serial_bayou_shore_a,
          serial_bayou_pond_a, cheibrodos_lair_caveside_slide, st_stairs_5
IceCv:    ice_cave_tombish

Skill      XL: |  1  2  3  4  5  6  7  8  9 10 11 12 |
---------------+-------------------------------------+-----
Fighting       | 1 2 3 4 5 6 8 |  8.6
Armour         | 1 2 3 4 5 6 7 |  7.4
Short Blades   | 1 2 4 |  4.8
Ranged Weapons | 1 2 4 5 7 8 10 11 | 11.7
Shields        | 1 2 4 5 7 |  7.0
Dodging        | |  1.3
Stealth        | |  2.1
Spellcasting   | |  1.7
Necromancy     | |  3.2
Transmutations | |  0.1

Action                     |  1- 3 |  4- 6 |  7- 9 | 10-12 || total
---------------------------+-------+-------+-------+-------++-------
  Melee: Rapier            |    85 |       |       |   377 ||   462
         Tailslap          |     7 |       |       |    66 ||    73
   Fire: Sling             |    14 |   122 |   307 |   530 ||   973
 Invoke: Curse Item        |     1 |     3 |     3 |     3 ||    10
         Shatter the Chain |       |       |       |     3 ||     3
    Use: Scroll            |       |     1 |     2 |     5 ||     8
         Potion            |       |       |     1 |     8 ||     9
   Stab: Sleeping          |     2 |       |       |       ||     2
 Armour: Robe              |     8 |       |       |       ||     8
         Ring mail         |    29 |     8 |    58 |     5 ||   100
         Scale mail        |       |       |       |   288 ||   288
  Dodge: Dodged            |    21 |    13 |    72 |   361 ||   467
  Block: Buckler           |     7 |     4 |    44 |     4 ||    59
         Kite shield       |       |       |       |   439 ||   439
